 Dungeon Crawl Stone Soup version 0.30-a0-777-ga9a30cbeda (webtiles) character file.

Game seed: 14812510046795391594

40883 Dittersdorf the Tortoise (level 14, -8/94 HPs)
             Began as a Gargoyle Fighter on Feb 14, 2023.
             Was a High Priest of Okawaru.
             Killed by divine providence
             ... invoked by a meliai
              (13 damage)
             ... on level 4 of the Lair of Beasts.
             The game lasted 00:28:11 (16785 turns).

Dittersdorf the Tortoise (Gargoyle Fighter)        Turns: 16785, Time: 00:28:12

Health: -8/94      AC: 50    Str: 25    XL:     14   Next: 12%
Magic:  12/14      EV: 14    Int:  9    God:    Okawaru [*****.]
Gold:   1077       SH:  8    Dex:  9    Spells: 5/13 levels left

rFire   . . .      SeeInvis +    I - +4 morningstar (holy)
rCold   . . .      Faith    .    c - +0 buckler
rNeg    + . .      Spirit   .    v - +2 plate armour {Will+}
rPois   ∞          Reflect  .    (no helmet)
rElec   +          Harm     .    E - +1 cloak of Bitterness {-Tele rPois SInv}
rCorr   .          Rampage  ∞    u - +0 pair of gloves
Will    ++...      NoTele   +    e - +3 pair of seven-league boots {Rampage+∞} Stlth
                                 (no amulet)
HPRegen 0.35/turn                s - +5 ring of evasion
MPRegen 0.14/turn                o - ring of the Tortoise {AC+8}

@: heroic, flying
A: sickness immunity, AC +10, big wings, negative energy resistance 1,
electricity resistance, torment resistance 1, petrification resistance
a: Renounce Religion, Heroism, Finesse, Duel


You were on level 4 of the Lair of Beasts.
You worshipped Okawaru.
Okawaru was extremely pleased with you.
You visited 3 branches of the dungeon, and saw 16 of its levels.
You also visited: Gauntlet.

You collected 1200 gold pieces.
You spent 123 gold pieces at shops.

Inventory:

Hand Weapons
 b - a +4 eveningstar of chaos
 I - a +4 morningstar of holy wrath (weapon)
Missiles
 y - 3 throwing nets (quivered)
Armour
 c - a +0 buckler (worn)
 e - the +3 pair of seven-league boots (worn) {Rampage+∞}
   (You found it on level 3 of the Dungeon)

   Rampage+∞: When moving toward enemies, its wearer moves as far as possible.
 u - a +0 pair of gloves (worn)
 v - a +2 plate armour of willpower (worn)
 E - the +1 cloak of Bitterness (worn) {-Tele rPois SInv}
   (You found it in a Gauntlet)

   rPois:     It protects you from poison.
   SInv:      It lets you see invisible.
   -Tele:     It prevents most forms of teleportation.
Jewellery
 a - a ring of ice
 l - a ring of fire
 o - the ring of the Tortoise (right hand) {AC+8}
   (You found it on level 9 of the Dungeon)

   [ring of protection]

   AC:        It affects your AC (+8).
 s - a +5 ring of evasion (left hand)
 F - a ring of willpower
Wands
 m - a wand of acid (13)
 r - a wand of flame (21)
Scrolls
 i - 2 scrolls of teleportation
 j - 6 scrolls of identify
 n - a scroll of magic mapping
 q - a scroll of brand weapon
 A - 6 scrolls of blinking
 C - 2 scrolls of enchant armour
 D - a scroll of silence
Potions
 d - 5 potions of might
 f - a potion of berserk rage
 g - 3 potions of haste
 h - a potion of invisibility
 k - 9 potions of curing
 p - 4 potions of brilliance
 t - 4 potions of mutation
 w - a potion of resistance
 x - 2 potions of cancellation
 z - 3 potions of ambrosia
 B - 3 potions of heal wounds


   Skills:
 + Level 13.6(18.6) Fighting
 + Level 12.4(17.4) Maces & Flails
 + Level 16.5(21.5) Armour
 + Level 13.6(18.6) Shields


You had 5 spell levels left.
You knew the following spells:

 Your Spells              Type           Power      Damage    Failure   Level
a - Lehudib's Crystal Sp  Conj/Erth      0%         10d2      100%        8

Your spell library contained the following spells:

 Spells                   Type           Power      Damage    Failure   Level
 Beastly Appendage        Tmut           0%         N/A       91%         1
 Foxfire                  Conj/Fire      0%         2x1d4     91%         1
 Magic Dart               Conj           0%         1d3       91%         1
 Sting                    Tmut/Pois      0%         1d3       91%         1
 Poisonous Vapours        Pois/Air       0%         N/A       97%         2
 Static Discharge         Conj/Air       0%         2-2/arc   97%         2
 Wereblood                Tmut           0%         N/A       97%         2
 Mephitic Cloud           Conj/Pois/Air  0%         N/A       99%         3
 Portal Projectile        Hex/Tloc       0%         N/A       99%         3
 Spider Form              Tmut/Pois      0%         N/A       99%         3
 Stone Arrow              Conj/Erth      0%         3d7       99%         3
 Swiftness                Air            0%         N/A       99%         3
 Cause Fear               Hex            0%         N/A       100%        4
 Leda's Liquefaction      Hex/Erth       0%         N/A       100%        4
 Olgreb's Toxic Radiance  Pois           0%         N/A       100%        4
 Blade Hands              Tmut           0%         N/A       100%        5
 Fireball                 Conj/Fire      0%         3d3       100%        5
 Iron Shot                Conj/Erth      0%         9d1       100%        6
 Starburst                Conj/Fire      0%         6d3       100%        6
 Dragon Form              Tmut           0%         N/A       100%        7
 Storm Form               Tmut/Air       0%         N/A       100%        7
 Borgnjor's Revivificati  Necr           0%         N/A       100%        8
 Maxwell's Capacitive Co  Air            0%         ∞         100%        8
 Necromutation            Tmut/Necr      0%         N/A       100%        8
 Death's Door             Necr           0%         N/A       100%        9
 Call Imp                 Summ           Unusable   N/A       N/A         2
 Call Canine Familiar     Summ           Unusable   N/A       N/A         3
 Animate Armour           Summ/Erth      Unusable   N/A       N/A         4
 Summon Lightning Spire   Summ/Air       Unusable   N/A       N/A         4
 Dragon's Call            Summ           Unusable   N/A       N/A         9

Dungeon Overview and Level Annotations

Branches:
Dungeon (11/15)            Temple (1/1) D:4            Lair (4/5) D:11
 Shoals (0/4) Lair:2       Spider (0/4) Lair:2          Orc (0/2) D:10
Gauntlet (visited)
  Slime: Lair:4-5

Altars:
Ashenzari
Cheibriados
Dithmenos
Elyvilon
Gozag
Makhleb
Nemelex Xobeh
Okawaru
Qazlal
Trog
Uskayaw
Vehumet
Xom
Zin
The Shining One

Shops:
D:7 ?   D:9 [   D:10 (

Annotations:
D:8 4 transporters


Innate Abilities, Weirdness & Mutations

You are immune to sickness and miasma.
Your stone body is resilient. (AC +10)
You are immune to poison.
Your large and strong wings let you fly.
You resist negative energy. (rN+)
You are resistant to electric shocks. (rElec)
You are resistant to unholy torment.
You are immune to petrification.


Message History

You are too injured to fight recklessly!
You are too injured to fight recklessly!
You are too injured to fight recklessly!
You are too injured to fight recklessly!
You are too injured to fight recklessly!
You are too injured to fight recklessly!
You are too injured to fight recklessly!
You are too injured to fight recklessly!
You are too injured to fight recklessly!
You gain the combat prowess of a mighty hero.
The meliai invokes the aid of its god against you.
Something smites you!
* * * LOW HITPOINT WARNING * * *
A killer bee comes into view.
The killer bee stings you but does no damage.
The meliai barely misses you.
The meliai stings you but does no damage.
The meliai completely misses you.
The meliai stings you but does no damage.
The killer bee stings you but does no damage.
You completely miss the meliai.
The killer bee buzzes angrily.
The killer bee stings you.
* * * LOW HITPOINT WARNING * * *
The meliai hits you but does no damage. The meliai barely misses you.
You barely miss the meliai.
A killer bee comes into view.
The killer bee barely misses you.
The meliai hits you with a +0 hand axe of flaming.
* * * LOW HITPOINT WARNING * * *
The meliai burns you.
* * * LOW HITPOINT WARNING * * *
The meliai stings you but does no damage.
The meliai barely misses you. x2
The killer bee stings you but does no damage.
You completely miss the meliai.
The killer bee buzzes angrily.
You hear an angry buzzing noise.
The meliai invokes the aid of its god against you.
Something smites you!
You die... #.. ##....# #.. #### ##....# ## #y.. #..### #.....# #. yyy #....# ##...## #P yyy

#...## #....####P
##y###...####...###...
#.yyy......#.....#..>.
####y#y....##...##...#
##@#.#.......#...##
#####...........P#
##........####
#.#.......#
####...#### ##...P#
#....## ##...P# #...##


You could see a queen bee, 3 meliai and 9 killer bees.

Vanquished Creatures
  The ghost of jimonade the Cruncher, a journeyman FoFi of Okawaru (Lair:2)
  A minotaur (Gauntlet)
  A fire dragon (D:9)
  Harold (Lair:1)
  Fannar (D:10)
  Erolcha (D:10)
  The ghost of Beavis the Nimble, a journeyman DjCj of Ashenzari (D:10)
  2 hydras
  A catoblepas (Lair:2)
  A centaur warrior (D:9)
  A dancing weapon (D:10)
  4 two-headed ogres
  5 death yaks (Lair:3)
  Urug (D:10)
  A thrashing horror (Gauntlet)
  Nergalle (D:10)
  A soul eater (Gauntlet)
  A skyshark (Lair:3)
  An orb spider (Lair:2)
  A harpy (D:9)
  Pikel (D:5)
  A cyclops (D:11)
  2 manticores (D:9)
  2 slime creatures (D:11)
  An elephant (D:11)
  Joseph (D:8)
  3 black mambas
  9 cane toads
  An ice statue (Lair:2)
  A rime drake (Lair:3)
  2 komodo dragons (Lair:1)
  3 hornets
  2 trolls
  6 dream sheep
  16 blink frogs
  2 shadows
  2 wyverns
  25 yaks
  A wraith (D:9)
  A basilisk (D:11)
  A chaos spawn (Gauntlet)
  2 steam dragons (D:8)
  2 vampire mosquitoes (D:11)
  A neqoxec (Gauntlet)
  Edmund (D:5)
  An acid dragon (D:9)
  10 water moccasins
  4 small abominations (Gauntlet)
  4 ice beasts
  3 black bears
  6 orc warriors
  An ogre (D:3)
  3 sky beasts
  10 centaurs
  A lemure (D:5)
  A phantom (D:5)
  4 kobold brigands
  8 bullfrogs
  A necrophage (D:7)
  4 scorpions
  10 wights
  3 killer bees (Lair:4)
  A howler monkey (D:9)
  5 orc priests
  3 hounds
  3 jellies
  Terence (D:2)
  3 iguanas
  10 orc wizards
  3 gnolls (D:3)
  4 adders (D:2)
  5 shadow imps
  A worm (D:2)
  3 dart slugs
  40 orcs
  7 bats
  9 endoplasms
  5 giant cockroaches
  10 goblins
  10 hobgoblins
  15 jackals
  17 kobolds
  4 quokkas
  3 ball pythons
  4 frilled lizards
  12 rats
369 creatures vanquished.

Vanquished Creatures (others)
  An orc (D:8)
  5 fungi (Lair:2)
  6 plants
12 creatures vanquished.

Grand Total: 381 creatures vanquished

Notes
Turn   | Place    | Note
-------+----------+-------------------------------------------
     0 | D:1      | Dittersdorf the Gargoyle Fighter began the quest for the
                  | Orb.
     0 | D:1      | Reached XP level 1. HP: 14/14 MP: 1/1
   214 | D:1      | Reached XP level 2. HP: 19/19 MP: 2/2
   322 | D:1      | Reached XP level 3. HP: 23/23 MP: 3/3
   911 | D:2      | Reached XP level 4. HP: 29/29 MP: 4/4
  1023 | D:2      | Noticed Terence
  1046 | D:2      | Killed Terence
  1047 | D:2      | Reached skill level 4 in Armour
  1206 | D:2      | Found a shimmering altar of Xom.
  1379 | D:2      | Reached XP level 5. HP: 30/33 MP: 5/5
  2162 | D:3      | Found a radiant altar of Vehumet.
  2433 | D:3      | Found the +3 pair of seven-league boots {Rampage+∞}
  2536 | D:3      | Noticed a water moccasin
  2553 | D:3      | Killed a water moccasin
  2554 | D:3      | Reached XP level 6. HP: 20/39 MP: 6/6
  2851 | D:3      | Reached skill level 5 in Fighting
  2851 | D:3      | Reached skill level 5 in Armour
  2851 | D:3      | Reached XP level 7. HP: 27/44 MP: 7/7
  2875 | D:3      | Reached skill level 5 in Shields
  2998 | D:4      | Found a staircase to the Ecumenical Temple.
  3004 | Temple   | Entered the Ecumenical Temple
  3016 | Temple   | Became a worshipper of Warmaster Okawaru
  3157 | D:4      | Identified the +3 spear "Kanimas" {drain, Str-5 Dex+4}
  3159 | D:4      | Found a shadowy altar of Dithmenos.
  3256 | D:4      | Found a sparkling altar of Nemelex Xobeh.
  3569 | D:5      | Entered Level 5 of the Dungeon
  3597 | D:5      | Found a burning altar of Makhleb.
  3632 | D:5      | Noticed Edmund
  3646 | D:5      | Killed Edmund
  3647 | D:5      | Reached XP level 8. HP: 22/51 MP: 8/8
  3832 | D:5      | Reached skill level 5 in Maces & Flails
  3848 | D:5      | Reached * piety under Okawaru
  3849 | D:5      | Reached skill level 6 in Armour
  3973 | D:5      | Noticed Pikel
  4003 | D:5      | Killed Pikel
  4003 | D:5      | Reached ** piety under Okawaru
  4102 | D:5      | Reached XP level 9. HP: 22/56 MP: 9/9
  4506 | D:6      | Reached skill level 7 in Armour
  5667 | D:7      | Found The Oracle's Delphic Readings.
  5671 | D:7      | Bought a scroll of identify for 26 gold pieces
  5673 | D:7      | Bought a scroll of enchant armour for 97 gold pieces
  5746 | D:7      | Noticed a hornet
  5755 | D:7      | Killed a hornet
  5755 | D:7      | Reached *** piety under Okawaru
  5759 | D:7      | Reached skill level 8 in Armour
  5891 | D:7      | Reached XP level 10. HP: 64/64 MP: 10/10
  5954 | D:7      | Found a broken altar of Ashenzari.
  6036 | D:8      | Found a transporter.
  6042 | D:8      | Found a transporter.
  6043 | D:8      | Found a transporter.
  6086 | D:8      | Reached skill level 9 in Armour
  6094 | D:8      | Found a transporter.
  6275 | D:8      | Reached **** piety under Okawaru
  6428 | D:8      | Noticed Joseph
  6441 | D:8      | Killed Joseph
  7384 | D:9      | Found an opulent altar of Gozag.
  7440 | D:9      | Reached skill level 10 in Armour
  7540 | D:9      | Found Qysyte's Armour Boutique.
  7585 | D:9      | Found the amulet of Elemental Vulnerability {rPois rF--
                  | rC-- AC+8}
  7942 | D:9      | Reached ***** piety under Okawaru
  8214 | D:9      | Noticed a fire dragon
  8214 | D:9      | Noticed a harpy
  8214 | D:9      | Noticed a manticore
  8214 | D:9      | Found the ring of the Tortoise {AC+8}
  8215 | D:9      | Found a runed translucent door.
  8217 | D:9      | Noticed a centaur warrior
  8217 | D:9      | Noticed a seven-headed hydra
  8217 | D:9      | Noticed a manticore
  8427 | D:10     | Entered Level 10 of the Dungeon
  8457 | D:10     | Noticed Erolcha
  8547 | D:10     | Killed Erolcha
  8592 | D:10     | Found a runed translucent door.
  8592 | D:10     | Found a shimmering altar of Xom.
  8592 | D:10     | Noticed Beavis's ghost (journeyman DjCj)
  8592 | D:10     | Noticed a +2 long sword of chaos
  8619 | D:10     | Noticed Nergalle
  8641 | D:10     | Killed Nergalle
  8642 | D:10     | Reached skill level 11 in Armour
  8642 | D:10     | Reached XP level 11. HP: 72/72 MP: 9/11
  8718 | D:10     | Noticed Fannar
  8756 | D:10     | Killed Fannar
  8859 | D:10     | Found Jaweavih's Weapon Shoppe.
  8859 | D:10     | Found a staircase to the Orcish Mines.
  9008 | D:10     | Reached skill level 10 in Shields
  9018 | D:10     | Reached skill level 10 in Fighting
  9187 | D:10     | Noticed Urug
  9213 | D:10     | Killed Urug
  9397 | D:10     | Found a glowing golden altar of the Shining One.
  9397 | D:10     | Found a glowing silver altar of Zin.
  9397 | D:10     | Found a white marble altar of Elyvilon.
  9468 | D:10     | Noticed a two-headed ogre
  9478 | D:10     | Killed a two-headed ogre
  9479 | D:10     | Reached skill level 12 in Armour
  9578 | D:10     | Identified the +6 dagger "Amecevua" {freeze, +Blink rElec
                  | Str-5}
  9785 | D:11     | Noticed a two-headed ogre
  9786 | D:11     | Noticed a two-headed ogre
  9797 | D:11     | Killed a two-headed ogre
  9810 | D:11     | Killed a two-headed ogre
  9810 | D:11     | Identified the +1 eveningstar of Wyhecial {elec, rN+}
                  | (Okawaru gifted it to you on level 11 of the Dungeon)
  9810 | D:11     | Received a gift from Okawaru
 10119 | D:11     | Found a staircase to the Lair.
 10121 | D:11     | Noticed a two-headed ogre
 10134 | D:11     | Killed a two-headed ogre
 10135 | D:11     | Reached skill level 13 in Armour
 10135 | D:11     | Reached XP level 12. HP: 58/79 MP: 12/12
 10177 | D:11     | Reached skill level 10 in Maces & Flails
 10646 | Lair:1   | Entered Level 1 of the Lair of Beasts
 10649 | Lair:1   | Noticed Harold
 10678 | Lair:1   | Killed Harold
 10709 | Lair:1   | Reached ****** piety under Okawaru
 10718 | Lair:1   | Received a gift from Okawaru
 10785 | Lair:1   | Reached skill level 14 in Armour
 10791 | Lair:1   | Found a gate leading to a gauntlet.
 10803 | Gauntlet | Entered a Gauntlet
 10803 | Gauntlet | Found a transporter.
 10853 | Gauntlet | Found a transporter.
 10855 | Gauntlet | Found a transporter.
 10866 | Gauntlet | Found a transporter.
 10869 | Gauntlet | Found a transporter.
 10880 | Gauntlet | Found a transporter.
 10896 | Gauntlet | Found a transporter.
 10907 | Gauntlet | Found a transporter.
 10912 | Gauntlet | Noticed a great orb of eyes
 10917 | Gauntlet | Found a transporter.
 10918 | Gauntlet | Found a runed translucent door.
 10921 | Gauntlet | Noticed a thrashing horror
 10926 | Gauntlet | Found a runed translucent door.
 10942 | Gauntlet | Found a transporter.
 10942 | Gauntlet | Found a transporter.
 10951 | Gauntlet | Noticed a soul eater
 10953 | Gauntlet | Found a transporter.
 10955 | Gauntlet | Found a transporter.
 10991 | Gauntlet | Found a transporter.
 11086 | Gauntlet | Killed a soul eater
 11125 | Gauntlet | Killed a thrashing horror
 11148 | Gauntlet | Identified the +1 cloak of Bitterness {-Tele rPois SInv}
 11177 | Gauntlet | Noticed a minotaur
 11191 | Gauntlet | Killed a minotaur
 11209 | Gauntlet | Got the Octavo of Austromancy
 11739 | Lair:1   | Learned a level 8 spell: Lehudib's Crystal Spear
 12306 | Lair:2   | Noticed a catoblepas
 12315 | Lair:2   | Killed a catoblepas
 12316 | Lair:2   | Reached skill level 15 in Armour
 12383 | Lair:2   | Reached XP level 13. HP: 86/86 MP: 13/13
 12396 | Lair:2   | Found a transporter.
 12407 | Lair:2   | Found a transporter.
 12408 | Lair:2   | Noticed jimonade's ghost (journeyman FoFi)
 12557 | Lair:2   | Found a hole to the Spider Nest.
 13126 | Lair:2   | Received a gift from Okawaru
 13396 | Lair:2   | Found a staircase to the Shoals.
 14105 | D:9      | Killed a fire dragon
 14512 | D:9      | Identified the +8 shortbow of Hehedetoik {flame, rElec
                  | rN+++ Str-2 Dex+2}
 14572 | D:10     | Identified the +0 animal skin "Pawuumm" {Drain Int+3 SInv}
                  | (Okawaru gifted it to you on level 10 of the Dungeon)
 14572 | D:10     | Received a gift from Okawaru
 14586 | D:10     | Killed Beavis's ghost
 14779 | Lair:2   | Killed jimonade's ghost
 14780 | Lair:2   | Reached skill level 16 in Armour
 15605 | Lair:3   | Gained mutation: Your large and strong wings let you fly.
                  | [Gargoyle growth]
 15605 | Lair:3   | Reached XP level 14. HP: 76/94 MP: 14/14
 16072 | Lair:3   | Identified the +0 ring mail "Ucvares" {Str+2 Int+3 Stlth+}
                  | (Okawaru gifted it to you on level 3 of the Lair of Beasts)
 16072 | Lair:3   | Received a gift from Okawaru
 16773 | Lair:4   | Identified the +3 ring mail "Zulygewk" {Rampage Str+3
                  | Int+2}
 16785 | Lair:4   | Killed from afar by a meliai

Illustrated notes

Levels and vault maps discovered:
D:1:      dpeg_arrival_chambers_temple_mockup, layout_basic
D:2:      minmay_wonky_spiral, layout_basic, basic_altar, grunt_ministairs_10,
          minmay_rat_gold_closets, uniq_terence
D:3:      layout_rooms, lemuel_round_altar
D:4:      layout_cave_pools, grunt_dithmenos_smoke_and_mirrors,
          nemelex_diamond_rough_becter, minmay_temple_entry_arrows, minivault_24
D:5:      layout_loops_ring, general_overflow_altar, guppyfry_early_orc_mine,
          uniq_edmund, uniq_pikel
D:6:      layout_rooms
D:7:      layout_basic, evilmike_ruin_ashenzari, grunt_ministairs_11,
          minmay_misc_feat_tiny, nicolae_nh_oracle_at_delphi
D:8:      layout_gridville, serial_rivers, chequers_serial_rivers_micro_e,
          chequers_serial_rivers_micro_a, chequers_serial_rivers_micro_e,
          chequers_serial_rivers_micro_e, nicolae_transporter_circle,
          uniq_joseph
D:9:      minmay_gate_of_8, layout_irregular_city,
          mainiacjoe_overflow_small_starburst, serial_shops,
          nicolae_shop_advertising_works [nicolae_subvault_shop_adworks],
          feat_on_display
D:10:     layout_loops_ring, good_gods_mini_temple, orc_david_3,
          ebering_ghost_xom, kennysheep_generic_room_12, uniq_nergalle,
          uniq_erolcha, uniq_fannar, uniq_urug
D:11:     layout_basic, david_lair_generic
Temple:   nicolae_temple_god_jail
Lair:1:   layout_regular_city, gauntlet_entry_generic,
          chequers_serial_rivers_small_b, uniq_harold
Lair:2:   layout_gridlike, minmay_shoals_entry_centaurs,
          nicolae_spider_entry_orb_guardian, nzn_ghost_randoct, minivault_26
Lair:3:   layout_gridlike
Lair:4:   layout_hall_layers, special_room [special_room_bee]

Skill      XL: |  1  2  3  4  5  6  7  8  9 10 11 12 13 |
---------------+----------------------------------------+-----
Armour         | 4 5 6 8 11 13 15 16 | 16.5
Maces & Flails | 3 4 6 7 8 9 11 12 | 12.4
Fighting       | 4 5 6 8 9 10 12 13 | 13.6
Shields        | 4 5 6 8 9 10 12 13 | 13.6

Action                     |  1- 3 |  4- 6 |  7- 9 | 10-12 | 13-15 || total
---------------------------+-------+-------+-------+-------+-------++-------
  Melee: Flail             |   140 |    48 |   189 |   671 |       ||  1048
         Eveningstar       |       |   183 |    81 |       |       ||   264
         Morningstar       |       |       |       |    96 |   437 ||   533
  Throw: Dart              |       |       |       |     1 |       ||     1
 Invoke: Heroism           |       |       |       |     9 |     9 ||    18
    Use: Scroll            |       |       |    22 |    11 |     1 ||    34
 Armour: Scale mail        |    78 |    24 |       |       |       ||   102
         Chain mail        |       |   142 |    80 |       |       ||   222
         Plate armour      |       |       |    82 |   517 |   277 ||   876
  Dodge: Dodged            |    89 |   145 |   156 |   412 |   244 ||  1046
  Block: Buckler           |    35 |    61 |    67 |   258 |   167 ||   588

Table legend: (Time is in decaauts)
 A = Elapsed time spent in this place.
 B = Non-inter-level travel time spent in this place.
 C = Inter-level travel time spent in this place.
 D = Time resting spent in this place.
 E = Time spent auto-exploring this place.
 F = Levels seen in this place.
 G = Mean time per level.
                   A        B        C        D        E       F      G
               +--------+--------+--------+--------+--------+-----+--------+
         Total |  16908 |  15366 |   1542 |   3202 |   8638 |  17 |  994.6 |
       Dungeon |  11476 |  10154 |   1322 |   1817 |   5916 |  11 | 1043.3 |
        Temple |     22 |     14 |      8 |      0 |      1 |   1 |   22.0 |
          Lair |   5012 |   4801 |    211 |   1369 |   2516 |   4 | 1253.0 |
      Gauntlet |    396 |    396 |      0 |     16 |    204 |   1 |  396.0 |
               +--------+--------+--------+--------+--------+-----+--------+

Top non-repeatable levels by time:
  Lair:2: 2021 daAuts
     D:2: 1569 daAuts
     D:9: 1469 daAuts
  Lair:1: 1312 daAuts
    D:10: 1206 daAuts
     D:8: 1134 daAuts
  Lair:3: 1130 daAuts
     D:5: 1067 daAuts
    D:11: 1054 daAuts
     D:7: 974 daAuts
     D:3: 968 daAuts
     D:1: 717 daAuts
     D:4: 704 daAuts
     D:6: 610 daAuts
  Lair:4: 548 daAuts
